AoeStats
← TheQuietRiot

Hideout

507576303Analyzed
1v1 RM · 13d ago on Sep 18, 2026· 46m 10s· 2 players
Game mode
Random Map
Map size
Tiny (2 player)
Population
200
Speed
Normal
Resources
Standard
Victory
Conquest
Starting age
Dark Age
Ending age
Imperial Age
RankedLock teamsTeams togetherTeam positionsShared explorationLock speedFull tech treeHidden civsTurbo modeCheats
Victory
Defeat
🇬🇧 Bulgarians · United Kingdom
995
+16
🇬🇧 Britons · United Kingdom
1001
-16
Miked
10:32 Feudal Age
11:02 Double-Bit Axe
10:59 Horse Collar
13:20 Loom
19:12 Castle Age
19:23 Bloodlines
19:09 Arson
19:35 Scale Mail Armor
19:46 Forging
20:21 Chain Mail Armor
19:55 Gambesons
20:11 Squires
21:16 Iron Casting
22:46 Bow Saw
29:57 Husbandry
33:55 Scale Barding Armor
35:44 Chain Barding Armor
36:20 Wheelbarrow
38:07 Stirrups
38:16 Padded Archer Armor
38:08 Fletching
38:41 Hand Cart
43:18 Imperial Age
40:54 Bodkin Arrow
41:14 Leather Archer Armor
41:21 Town Watch
42:06 Town Patrol
41:44 Pikeman
41:46 Light Cavalry
42:31 Heavy Plow
44:31 Conscription
43:31 Elite Konnik
44:41 Bracer
45:12 Plate Mail Armor
45:17 Plate Barding Armor
44:39 Capped Ram
46:32 Caravan
TheQuietRiot
9:30 Feudal Age
8:14 Loom
10:27 Double-Bit Axe
20:31 Castle Age
20:08 Gold Mining
20:25 Fletching
20:52 Crossbowman
22:47 Bow Saw
25:00 Bodkin Arrow
26:50 Padded Archer Armor
27:14 Ballistics
34:40 Gold Shaft Mining
33:56 Stone Mining
36:14 Squires
35:35 Pikeman
37:06 Wheelbarrow
36:58 Forging
37:00 Horse Collar
40:14 Hand Cart
42:59 Imperial Age
41:17 Gambesons
43:04 Hand Cart
44:13 Town Watch
43:53 Arbalester
44:36 Bracer
44:52 Leather Archer Armor
44:38 Scale Mail Armor
45:14 Iron Casting
45:17 Yeomen
Connection lost

Rejoining the realm…

Still unreachable

The connection could not be restored.

Session expired

The server has moved on; the page needs a fresh start.